 Dungeon Crawl Stone Soup version 0.29-a0-1047-g7c58e119a4 (webtiles) character file.

Game seed: 17672830164345812413

2034 Zonian the Covert (level 9, -7/42 HPs)
             Began as a Vine Stalker Ice Elementalist on Aug 17, 2022.
             Was an Initiate of Yredelemnul.
             Mangled by a manticore (19 damage)
             ... on level 6 of the Dungeon.
             The game lasted 00:18:36 (6653 turns).

Zonian the Covert (Vine Stalker Ice Elementalist)   Turns: 6653, Time: 00:18:36

Health: -7/42      AC:  2    Str: 11    XL:     9   Next: 24%
Magic:  0/18       EV: 15    Int: 19    God:    Yredelemnul [......]
Gold:   307        SH:  0    Dex: 21    Spells: 12/19 levels left

rFire   . . .      SeeInvis +   t - +0 dagger (flame)
rCold   . . .      Faith    .   (no shield)
rNeg    . . .      Spirit   +   a - +0 robe
rPois   .          Reflect  .   (no helmet)
rElec   .          Harm     .   (no cloak)
rCorr   .          Rampage  .   (no gloves)
Will    +....                   (no boots)
Stlth   ++++......              (no amulet)
HPRegen 0.94/turn               l - ring of see invisible
MPRegen 0.16/turn               x - +6 ring of dexterity

@: freezing walls, studying Maces & Flails
A: fangs 3, regeneration 1, magic shield, antimagic bite, no potion heal 2
a: Renounce Religion, Recall Undead Harvest


You were on level 6 of the Dungeon.
You worshipped Yredelemnul.
Yredelemnul was noncommittal.
You visited 1 branch of the dungeon, and saw 6 of its levels.

You collected 307 gold pieces.

Inventory:

Hand Weapons
 d - a +0 whip
 q - a +0 sling of flaming
 t - a +0 dagger of flaming (weapon)
 u - a +0 trident
Armour
 a - a +0 robe (worn)
 e - the +6 scale mail of the Lotus Blossom {Rampage rCorr Dex+8}
   (You acquired it on level 4 of the Dungeon)

   Dex:       It affects your dexterity (+8).
   rCorr:     It protects you from acid and corrosion.
   Rampage:   It bestows one free step when moving towards enemies.
 w - a +3 buckler
Jewellery
 b - a ring of flight
 k - a ring of positive energy
 l - a ring of see invisible (left hand)
 x - a +6 ring of dexterity (right hand)
Wands
 s - a wand of iceblast (7)
Scrolls
 f - a scroll of amnesia
 i - a scroll of identify
 j - a scroll of enchant armour
 n - 3 scrolls of teleportation
Potions
 c - 2 potions of flight
 g - a potion of ambrosia
 h - a potion of magic
 m - a potion of resistance {unknown}
 o - 2 potions of curing
 p - a potion of brilliance {unknown}
 r - a potion of attraction {unknown}
 v - a potion of mutation {unknown}


   Skills:
 + Level 1.8 Fighting
 - Level 4.8 Dodging
 * Level 8.8 Stealth
 - Level 5.9 Spellcasting
 - Level 6.8 Ice Magic


You had 12 spell levels left.
You knew the following spells:

 Your Spells              Type           Power      Damage    Failure   Level
a - Freeze                Ice            100%       1d11      1%          1
b - Frozen Ramparts       Ice            62%        1d10      1%          3
c - Ozocubu's Armour      Ice            31%        N/A       1%          3

Your spell library contained the following spells:

 Spells                   Type           Power      Damage    Failure   Level
 Necrotise                Necr           20%        1d5       12%         1
 Static Discharge         Conj/Air       5%         3-4/arc   17%         2
 Hailstorm                Conj/Ice       18%        3d6       28%         4
 Vampiric Draining        Necr           5%         2d6       34%         3
 Dispel Undead            Necr           5%         3d7       75%         4
 Sticky Flame             Conj/Fire      5%         2d3       75%         4
 Agony                    Necr           5%         N/A       97%         5
 Blade Hands              Tmut           2%         N/A       97%         5
 Irradiate                Conj/Tmut      2%         3d12      97%         5
 Dragon Form              Tmut           2%         N/A       100%        7


Dungeon Overview and Level Annotations

Branches:
Dungeon (6/15)             Temple (0/1) D:4

Altars:
Fedhas
Nemelex Xobeh
Vehumet
Wu Jian
Yredelemnul

Shops:
D:4 =

Annotations:
D:5 2 transporters, Zeldest's ghost, novice MeFi
D:6 4 runed translucent doors


Innate Abilities, Weirdness & Mutations

You have razor-sharp teeth.
Your natural rate of healing is unusually fast.
When hurt, damage is shared between your health and your magic reserves.
Your bite disrupts and absorbs the magic of your enemies.
Potions cannot restore your health.


Message History

You drain its power.
You feel invigorated.
The ice beast is almost dead.
The ice beast closely misses you.
You hit the ice beast.
You melt the ice beast.
You kill the ice beast!
Unknown command.
You see here a +0 mace.
HP restored.
i - a scroll of identify You swap places.
An ufetubus comes into view.
Unknown command.
A manticore comes into view.
Found a shiny bone ring.
The helpless ufetubus fails to defend itself.
You impale the ufetubus!! You burn the ufetubus.
You kill the ufetubus!
A black mist starts to gather...
Unknown command.
Your spectral ufetubus hits the manticore!
Your spectral ufetubus hits the manticore but does no damage.
You swap places.
The manticore bites you!! The manticore misses you. x2
You hit the manticore. You burn the manticore.
The manticore is moderately wounded.
The manticore misses you. The manticore claws you.
The manticore barely misses you.
You hit the manticore. You burn the manticore.
The manticore is heavily wounded.
The manticore bites you! The manticore barely misses you.
The manticore claws you!
* * * LOW HITPOINT WARNING * * *
Unknown command.
Casting: Frozen Ramparts (safe; 1% risk of failure)
Confirm with . or Enter, or press ? or * to list all spells.
Casting: Frozen Ramparts (safe; 1% risk of failure)
Press: ? - help, Dir - look around, f - activate The walls around you are covered in ice.
The wall freezes the manticore.
The manticore bites you!!
You die...
Your body rises from the dead as a mindless zombie.

......##.##.# #Z# .)).####.##.#
#Z# ###)####'##.# #Z#
###ZZ##Z....############ #.#
..Z#Z.ZZ...............#######Z#
..Z#....######..######ZZZZZZZZ.#
...#...## ####....##..#######
...#...# #ZZ###.#..# ..Z#...#
#@##Z#.#..# .Z.##..# #H#.##.#..#
...'...# ## #=##Z#.#..#
...###.## .# ###)..##..#
........###'# #'###...#
.....Z......######.......#
######.#...##8?)8##.....##
...)....#.#8....8#.#####
#####.#.#.+.....W+.#


You could see a manticore (ally target), a friendly spectral ufetubus and a
friendly iguana zombie.

Vanquished Creatures
  Eustachio (D:4)
  A water moccasin (D:6)
  An orc warrior (D:4)
  2 black bears (D:6)
  An ice beast (D:6)
  An ogre (D:6)
  A centaur (D:6)
  2 phantoms
  A gnoll sergeant (D:4)
  3 scorpions
  2 necrophages
  A wight (D:5)
  A howler monkey (D:6)
  2 hounds
  A jelly (D:4)
  An orc priest (D:3)
  A gnoll bouda (D:6)
  4 iguanas
  Ijyb (D:3)
  3 gnolls (D:6)
  7 adders
  An ufetubus (D:6)
  A worm (D:4)
  A dart slug (D:3)
  5 orcs
  3 bats
  5 endoplasms
  2 giant cockroaches (D:4)
  4 goblins
  3 hobgoblins
  2 jackals (D:1)
  3 kobolds
  2 quokkas (D:4)
  5 ball pythons
  3 frilled lizards
  A rat (D:1)
79 creatures vanquished.

Vanquished Creatures (collateral kills)
  3 wights (D:6)
  A hound (D:5)
  4 gnolls (D:6)
  An adder (D:6)
  A white imp (D:6)
  2 endoplasms
  4 jackals (D:1)
  A bat (D:3)
  A kobold (D:1)
  A rat (D:1)
19 creatures vanquished.

Vanquished Creatures (others)
  A centaur zombie (D:6)
  A black bear zombie (D:6)
  2 scorpion zombies
  An ogre zombie (D:6)
  A hound zombie (D:5)
  6 gnoll zombies
  2 adder zombies (D:1)
  A spectral white imp (D:6)
  A worm zombie (D:4)
  A ball python zombie (D:1)
  3 endoplasm zombies
  A frilled lizard zombie (D:3)
  A goblin zombie (D:4)
  2 jackal zombies (D:1)
  2 orc zombies
  A quokka zombie (D:4)
27 creatures vanquished.

Grand Total: 125 creatures vanquished

Notes
Turn   | Place    | Note
-------+----------+-------------------------------------------
     0 | D:1      | Zonian the Vine Stalker Ice Elementalist began the quest
                  | for the Orb.
     0 | D:1      | Reached XP level 1. HP: 9/9 MP: 4/4
    61 | D:1      | Found a faded altar of an unknown god.
   106 | D:1      | Prayed at the altar of an unknown god.
   106 | D:1      | Became a worshipper of Yredelemnul the Dark
   106 | D:1      | Reached * piety under Yredelemnul
   208 | D:1      | Reached XP level 2. HP: 7/13 MP: 0/6
   796 | D:1      | Reached ** piety under Yredelemnul
  1234 | D:1      | Reached skill level 3 in Stealth
  1238 | D:1      | Reached XP level 3. HP: 8/16 MP: 1/7
  1518 | D:2      | You are sucked into a shaft and drop 2 floors!
  1518 | D:4      | Found a staircase to the Ecumenical Temple.
  1537 | D:4      | Found Paedek's Jewellery Shop.
  1595 | D:4      | Gained mutation: Your natural rate of healing is unusually
                  | fast. [Vine Stalker growth]
  1595 | D:4      | Reached XP level 4. HP: 16/21 MP: 1/9
  1681 | D:3      | Found a radiant altar of Vehumet.
  1937 | D:3      | Noticed Ijyb
  2155 | D:3      | Found an ornate altar of the Wu Jian Council.
  2339 | D:3      | Killed Ijyb
  2340 | D:3      | Reached skill level 4 in Stealth
  2340 | D:3      | Reached XP level 5. HP: 21/24 MP: 1/10
  3230 | D:4      | Noticed Eustachio
  3237 | D:4      | Identified a scroll of acquirement
  3237 | D:4      | Acquired the +6 scale mail of the Lotus Blossom {Rampage
                  | rCorr Dex+8}
  3275 | D:4      | Killed Eustachio
  3276 | D:4      | Reached skill level 5 in Ice Magic
  3276 | D:4      | Reached XP level 6. HP: 16/28 MP: 4/12
  3797 | D:4      | Identified the +8 chain mail of Iromimir {Str-2 Int+4
                  | Slay+5}
  3818 | D:4      | Reached skill level 5 in Stealth
  3838 | D:4      | Reached XP level 7. HP: 28/32 MP: 8/14
  3937 | D:3      | Learned a level 3 spell: Frozen Ramparts
  3941 | D:3      | Learned a level 3 spell: Ozocubu's Armour
  4517 | D:5      | Entered Level 5 of the Dungeon
  4529 | D:5      | Found a transporter.
  4533 | D:5      | Noticed Zeldest's ghost (novice MeFi)
  4841 | D:5      | Found a transporter.
  4976 | D:5      | Found a sparkling altar of Nemelex Xobeh.
  5018 | D:5      | Reached skill level 6 in Stealth
  5272 | D:5      | Gained mutation: You have razor-sharp teeth. [Vine Stalker
                  | growth]
  5272 | D:5      | Reached XP level 8. HP: 34/36 MP: 10/16
  5616 | D:5      | Found a basalt altar of Yredelemnul.
  5688 | D:6      | Reached skill level 5 in Spellcasting
  5934 | D:6      | Found a blossoming altar of Fedhas.
  6150 | D:6      | Reached skill level 7 in Stealth
  6252 | D:6      | Reached *** piety under Yredelemnul
  6393 | D:6      | Reached XP level 9. HP: 39/39 MP: 18/18
  6397 | D:6      | Reached **** piety under Yredelemnul
  6465 | D:6      | Reached skill level 8 in Stealth
  6469 | D:6      | Reached skill level 1 in Fighting
  6540 | D:6      | Found a large runed translucent door.
  6543 | D:6      | Found a large runed translucent door.
  6545 | D:6      | Noticed a kobold demonologist
  6567 | D:6      | Found a large runed translucent door.
  6567 | D:6      | Found a large runed translucent door.
  6646 | D:6      | Noticed a manticore
  6653 | D:6      | Mangled by a manticore

Illustrated notes

Levels and vault maps discovered:
D:1:      ebering_trefoil_twist, layout_basic, ebering_ecumenical_altar_rust
D:2:      layout_basic
D:3:      layout_rooms, nicolae_wu_jian_wuxing_cycle, lemuel_crystal_altar,
          grunt_decor_resistance, uniq_ijyb
D:4:      layout_rooms, minmay_temple_entry_large_hall, serial_shops,
          shop_statue, serial_rivers, chequers_serial_rivers_room_a,
          chequers_serial_rivers_large_a, chequers_serial_rivers_marsh,
          chequers_serial_rivers_marsh, chequers_serial_rivers_micro_d,
          chequers_serial_rivers_small_a, minmay_manual_mandibuliform,
          uniq_eustachio
D:5:      layout_basic, lemuel_coloured_pillars_altar,
          yredelemnul_forgotten_temple_becter, gammafunk_ghost_stat_death,
          grunt_ministairs_14
D:6:      layout_basic, fedhas_ov_isle_minmay, minmay_hollow_rounded_squares

Skill      XL: |  1  2  3  4  5  6  7  8  9 |
---------------+----------------------------+-----
Stealth        | 3 4 5 6 7 8 |  8.8
Dodging        | 2 3 4 |  4.8
Spellcasting   | 3 4 5 |  5.9
Ice Magic      | 5 6 |  6.8
Fighting       | 1 |  1.8

Action                   |  1- 3 |  4- 6 |  7- 9 || total
-------------------------+-------+-------+-------++-------
Melee: Unarmed           |     9 |     3 |       ||    12
       Bite              |     2 |    12 |    52 ||    66
       Trident           |       |     9 |       ||     9
       Whip              |       |    12 |       ||    12
       Dagger            |       |    14 |   147 ||   161
       Punch             |       |       |     1 ||     1
 Cast: Freeze            |    34 |    36 |     8 ||    78
       Frozen Ramparts   |       |       |    11 ||    11
       Ozocubu's Armour  |       |       |     1 ||     1
Invok: Recall Undead Har |       |     1 |       ||     1
Evoke: Wand              |       |     4 |       ||     4
  Use: Potion            |     2 |       |       ||     2
       Scroll            |       |    12 |     3 ||    15
 Stab: Sleeping          |       |     4 |     8 ||    12
       Distracted        |       |       |     1 ||     1
Armor: Robe              |     5 |    13 |    10 ||    28
Dodge: Dodged            |    28 |    41 |   118 ||   187

Table legend: (Time is in decaauts)
 A = Elapsed time spent in this place.
 B = Non-inter-level travel time spent in this place.
 C = Inter-level travel time spent in this place.
 D = Time resting spent in this place.
 E = Time spent auto-exploring this place.
 F = Levels seen in this place.
 G = Mean time per level.
                   A        B        C        D        E       F      G
               +--------+--------+--------+--------+--------+-----+--------+
         Total |   7019 |   6870 |    149 |   1324 |   4025 |   6 | 1169.8 |
       Dungeon |   7019 |   6870 |    149 |   1324 |   4025 |   6 | 1169.8 |
               +--------+--------+--------+--------+--------+-----+--------+

Top non-repeatable levels by time:
     D:1: 1500 daAuts
     D:4: 1455 daAuts
     D:3: 1237 daAuts
     D:5: 1158 daAuts
     D:6: 1068 daAuts
     D:2: 599 daAuts
